 Dungeon Crawl Stone Soup version 0.20.1-4-g4af34eaf8e (webtiles) character file.

1442 Alfie the Archer (level 8, -2/70 HPs)
             Began as a Minotaur Hunter on Mar 4, 2020.
             Slain by a killer bee (6 damage)
             ... on level 6 of the Dungeon.
             The game lasted 00:14:40 (4299 turns).

Alfie the Archer (Minotaur Hunter)                  Turns: 4299, Time: 00:14:41

Health: -2/70      AC:  4    Str: 19    XL:     8   Next: 46%
Magic:  7/7        EV: 13    Int: 13    God:
Gold:   234        SH:  0    Dex: 11    Spells: 6/7 levels left

rFire    . . .     SeeInvis .   b - +1 short sword
rCold    . . .     Gourm    .   (no shield)
rNeg     . . .     Faith    .   c - +1 leather armour
rPois    .         Spirit   .   (helmet restricted)
rElec    .         Reflect  .   (no cloak)
rCorr    .         Harm     .   (no gloves)
MR       .....                  (no boots)
Stlth    +.........             (no amulet)
Regen    0.3/turn               (no ring)
MPRegen  0.1/turn               (no ring)

@: brilliant, lethally poisoned (-2 -> -17)
A: retaliatory headbutt, horns 2
a: no special abilities


You were on level 6 of the Dungeon.
You were not hungry.

You visited 1 branch of the dungeon, and saw 6 of its levels.

You collected 234 gold pieces.

Inventory:

Hand Weapons
 a - a +1 shortbow
 b - a +1 short sword (weapon)
Missiles
 d - 67 arrows
Armour
 c - a +1 leather armour (worn)
Wands
 l - a wand of flame (41/48)
 o - a wand of confusion (33/48)
 u - a wand of iceblast (9/15)
 v - a wand of lightning (9/15)
Scrolls
 h - 2 scrolls of teleportation
 i - a scroll of fear
 k - 2 scrolls of blinking
 r - a scroll of recharging
Potions
 e - a potion of lignification
 g - a potion of brilliance
 j - a potion of might {unknown}
 m - a potion of invisibility {unknown}
 n - a potion of curing
 t - a potion of ambrosia {unknown}
Books
 s - a book of Cantrips

   Spells                             Type                      Level
   a - Confusing Touch                Hexes                        1
   b - Animate Skeleton               Necromancy                   1
   c - Summon Small Mammal            Summoning                    1
   d - Apportation                    Translocation                1
Comestibles
 f - 2 bread rations
 p - a meat ration
 q - a royal jelly


   Skills:
 + Level 6.1 Fighting
 + Level 2.5 Short Blades
 + Level 9.6 Bows
 + Level 3.6 Armour
 + Level 3.5 Dodging
 + Level 1.2 Stealth


You had 6 spell levels left.
You knew the following spells:

 Your Spells              Type           Power        Failure   Level  Hunger
a - Summon Small Mammal   Summ           #...         4%          1    ##.....


Dungeon Overview and Level Annotations

Branches:
Dungeon (6/15)             Temple (0/1) D:5

Altars:
Cheibriados
Kikubaaqudgha
Okawaru
Ru
Sif Muna
Xom

Annotations:
D:4 Alfie's ghost, novice MiHu


Innate Abilities, Weirdness & Mutations

You reflexively headbutt those who attack you in melee.
You have a pair of horns on your head.


Message History

You feel sick. The killer bee stings you.
* * * LOW HITPOINT WARNING * * *
You are lethally poisoned!
The killer bee poisons you!
* * * LOW HITPOINT WARNING * * *
You feel sick. The killer bee stings you.
* * * LOW HITPOINT WARNING * * *
You are more poisoned.
The killer bee poisons you!
* * * LOW HITPOINT WARNING * * *
You feel sick. The killer bee barely misses you. You furiously retaliate!
You headbutt the killer bee!
You kill the killer bee!
There is a stone staircase leading down here.
You feel clever all of a sudden.
* * * LOW HITPOINT WARNING * * *
You feel sick. The killer bee stings you.
* * * LOW HITPOINT WARNING * * *
The killer bee stings you.
You die...

#####
#...#################
#.#..yyyy@..........######
#...###############..(....
##(## #.###### #. #†# #.
#.# ##y####### #.#
..y......# ######.#
##(#####.#####......###.#
#. #................#


You could see 4 killer bees.

Vanquished Creatures
  The ghost of Alfie the Shooter, a novice MiHu (D:6)
  A water moccasin (D:6)
  Duvessa (D:4)
  A sky beast (D:5)
  A bullfrog (D:6)
  Dowan (D:4)
  2 scorpions
  2 killer bees (D:6)
  The ghost of Alfie the Shooter, a weakling MiHu (D:3)
  A hound (D:4)
  An orc priest (D:5)
  2 orc wizards (D:3)
  An iguana (D:5)
  Jessica (D:2)
  A worker ant (D:5)
  A hound skeleton (D:4)
  A hound zombie (D:6)
  Robin (D:4)
  11 gnolls
  5 adders
  An adder skeleton (D:4)
  4 worms
  A dart slug (D:1)
  4 leopard geckos
  7 orcs
  2 ball pythons
  5 bats
  3 giant cockroaches
  11 goblins
  10 hobgoblins
  2 jackals (D:4)
  A kobold (D:2)
  4 quokkas
  4 frilled lizards
  A leopard gecko zombie (D:5)
  4 rats
101 creatures vanquished.

Notes
Turn   | Place    | Note
-------+----------+-------------------------------------------
     0 | D:1      | Alfie the Minotaur Hunter began the quest for the Orb.
     0 | D:1      | Reached XP level 1. HP: 18/18 MP: 0/0
   335 | D:1      | Reached XP level 2. HP: 25/25 MP: 1/1
   871 | D:2      | Reached skill level 5 in Bows
   908 | D:2      | Reached XP level 3. HP: 17/30 MP: 2/2
  1017 | D:2      | Found a faded altar of an unknown god.
  1134 | D:2      | Noticed Jessica
  1137 | D:2      | Killed Jessica
  1140 | D:2      | Reached XP level 4. HP: 38/38 MP: 3/3
  1456 | D:2      | Found a sacrificial altar of Ru.
  1638 | D:2      | Reached skill level 6 in Bows
  1747 | D:3      | Noticed Alfie's ghost (weakling MiHu)
  1775 | D:3      | Reached XP level 5. HP: 26/45 MP: 4/4
  1785 | D:3      | Killed Alfie's ghost
  1785 | D:3      | Reached skill level 1 in Armour
  1939 | D:3      | Reached skill level 1 in Stealth
  1960 | D:3      | Found a snail-covered altar of Cheibriados.
  2022 | D:3      | Found a deep blue altar of Sif Muna.
  2042 | D:3      | Reached skill level 7 in Bows
  2042 | D:3      | Reached XP level 6. HP: 45/52 MP: 5/5
  2288 | D:3      | Found an ancient bone altar of Kikubaaqudgha.
  2288 | D:3      | Found a shimmering altar of Xom.
  2676 | D:4      | Noticed Duvessa
  2676 | D:4      | Noticed Dowan
  2683 | D:4      | Killed Duvessa
  2693 | D:4      | Killed Dowan
  2763 | D:4      | Learned a level 1 spell: Summon Small Mammal
  2978 | D:4      | Found an iron altar of Okawaru.
  3112 | D:4      | Reached XP level 7. HP: 59/60 MP: 6/6
  3158 | D:4      | Reached skill level 8 in Bows
  3165 | D:4      | Noticed Robin
  3168 | D:4      | Killed Robin
  3312 | D:4      | Noticed Alfie's ghost (novice MiHu)
  3316 | D:5      | Entered Level 5 of the Dungeon
  3424 | D:5      | Reached skill level 5 in Fighting
  3439 | D:5      | Found a staircase to the Ecumenical Temple.
  3698 | D:6      | Noticed Alfie's ghost (novice MiHu)
  3740 | D:6      | Killed Alfie's ghost
  3740 | D:6      | Reached skill level 1 in Short Blades
  3740 | D:6      | Reached skill level 9 in Bows
  3740 | D:6      | Reached XP level 8. HP: 18/69 MP: 7/7
  4299 | D:6      | Slain by a killer bee

Skill      XL: |  1  2  3  4  5  6  7  8 |
---------------+-------------------------+-----
Bows           | 5 6 7 9 |  9.6
Fighting       | 3 4 5 6 |  6.1
Armour         | 1 2 3 |  3.6
Stealth        | 1 |  1.2
Short Blades   | 1 2 |  2.5
Dodging        | 3 |  3.5

Action                   |  1- 3 |  4- 6 |  7- 9 || total
-------------------------+-------+-------+-------++-------
Melee: Short sword       |     6 |    12 |    74 ||    92
       Headbutt          |     3 |     6 |     8 ||    17
 Fire: Shortbow          |    52 |   154 |   117 ||   323
  Use: Scroll            |       |     4 |     9 ||    13
       Potion            |       |       |     5 ||     5
  Eat: Bread ration      |     1 |     1 |       ||     2
       Royal jelly       |       |       |     1 ||     1
Armor: Leather armour    |     6 |     9 |     8 ||    23
       Skin              |       |       |    31 ||    31
Dodge: Dodged            |    26 |    26 |    57 ||   109
